 Dungeon Crawl Stone Soup version 0.28-a0-445-g51f8dfeb47 (webtiles) character file.

Game seed: 17460448386134390057

29913 Conn the Thaumaturge (level 13, -27/77 HPs)
             Began as an Octopode Fire Elementalist on Sept 12, 2021.
             Was a Believer of Sif Muna.
             Killed by an exploding yak (51 damage)
             ... ignited by their inner flame
             ... on level 11 of the Dungeon.
             The game lasted 01:05:16 (14790 turns).

Conn the Thaumaturge (Octopode Fire Elementalist)  Turns: 14790, Time: 01:05:18

Health: -27/77     AC:  2    Str:  8    XL:     13   Next: 48%
Magic:  15/27      EV: 17    Int: 27    God:    Sif Muna [**....]
Gold:   822        SH: 15    Dex: 19    Spells: 14/33 levels left

rFire   . . .      SeeInvis +   E - +7 hand axe "Baehe" {flame, rC- Will+ Dex+6 Stlth+}
rCold   x . .      Faith    .   y - +5 kite shield {reflect}
rNeg    + . .      Spirit   .   b - +1 hat {Will+}
rPois   .          Reflect  +   S - amulet of the acrobat
rElec   .          Harm     .   i - +6 ring of intelligence
rCorr   .          Rampage  .   x - +4 ring of evasion
Will    +++..      Clarity  +   J - ring of wizardry
Stlth   +++++.....              l - ring of flight
HPRegen 0.22/turn               m - ring "Rinotos" {rN+ Will+ SInv}
MPRegen 0.20/turn               (no ring)
                                (no ring)
                                (no ring)

@: flying
A: almost no armour, amphibious, 8 rings, camouflage 1, gelatinous body 1,
(nimble swimmer 1), tentacles, clarity, wild magic 1
a: Renounce Religion, Channel Magic


You were on level 11 of the Dungeon.
You worshipped Sif Muna.
Sif Muna was pleased with you.
You visited 2 branches of the dungeon, and saw 12 of its levels.
You also visited: Sewer and Bailey.

You collected 822 gold pieces.

Inventory:

Hand Weapons
 e - the +6 scimitar of Karma {vorpal, +Blink Dex+4}
   (You found it on level 9 of the Dungeon)

   It inflicts extra damage upon your enemies.
   Dex:       It affects your dexterity (+4).
   +Blink:    It lets you blink.
 E - the +7 hand axe "Baehe" (weapon) {flame, rC- Will+ Dex+6 Stlth+}
   (You found it on level 6 of the Dungeon)

   It burns those it strikes, dealing additional fire damage.
   Big, fiery blades are also staple armaments of hydra-hunters.
   Dex:       It affects your dexterity (+6).
   rC:        It makes you vulnerable to cold.
   Will:      It increases your willpower.
   Stlth:     It makes you more stealthy.
 M - the +5 whip of the Crypt {vorpal, rElec rN+}
   (You found it on level 9 of the Dungeon)

   It inflicts extra damage upon your enemies.
   rElec:     It insulates you from electricity.
   rN:        It protects you from negative energy.
 O - a +2 short sword of electrocution
Armour
 b - a +1 hat of willpower (worn)
 y - a +5 kite shield of reflection (worn)
Magical Staves
 h - a staff of earth
Jewellery
 d - an amulet of faith
 f - an amulet of magic regeneration
 i - a +6 ring of intelligence (left tentacle)
 l - a ring of flight (on tentacle)
 m - the ring "Rinotos" (on tentacle) {rN+ Will+ SInv}
   (You acquired it in a bailey)

   [ring of willpower]

   rN:        It protects you from negative energy.
   SInv:      It lets you see invisible.
   Will:      It increases your willpower.
 x - a +4 ring of evasion (right tentacle)
 z - a ring of ice
 J - a ring of wizardry (on tentacle)
 N - an amulet of regeneration
 S - an amulet of the acrobat (around mantle)
Wands
 s - a wand of iceblast (12)
 t - a wand of digging (4)
 B - a wand of flame (53)
 F - a wand of mindburst (10)
 K - a wand of acid (9)
 R - a wand of charming (9)
Scrolls
 k - a scroll of fear
 q - 2 scrolls of immolation
 v - a scroll of enchant weapon {unknown}
 w - 2 scrolls of teleportation {unknown}
 A - a scroll of torment {unknown}
 H - a scroll of amnesia {unknown}
 I - a scroll of blinking {unknown}
 P - a scroll of summoning {unknown}
 Q - a scroll of fog {unknown}
Potions
 a - 8 potions of curing
 c - 3 potions of flight
 g - 3 potions of magic
 j - 3 potions of cancellation
 n - 3 potions of heal wounds
 o - 3 potions of might
 p - a potion of invisibility
 r - 3 potions of mutation
 u - a potion of ambrosia
 C - 2 potions of lignification
 D - 2 potions of brilliance
 G - a potion of degeneration {unknown}
 L - a potion of haste


   Skills:
 + Level 3.3 Fighting
 + Level 1.3 Short Blades
 + Level 3.2 Axes
 + Level 4.9 Dodging
 + Level 6.0 Stealth
 * Level 3.3 Shields
 + Level 10.6 Spellcasting
 + Level 8.3 Conjurations
 + Level 4.5 Hexes
 + Level 4.8 Translocations
 + Level 10.5 Fire Magic
 + Level 4.5 Ice Magic
 + Level 4.5 Earth Magic
 + Level 5.0 Invocations
 + Level 2.1 Evocations


You had 14 spell levels left.
You knew the following spells:

 Your Spells              Type           Power      Damage    Failure   Level
a - Foxfire               Conj/Fire      100%       2x1d9     1%          1
b - Conjure Flame         Conj/Fire      71%        6-21      1%          3
c - Inner Flame           Hex/Fire       64%        N/A       1%          3
d - Flame Wave            Conj/Fire      71%        3d12      2%          4
e - Blink                 Tloc           N/A        N/A       2%          2
f - Freeze                Ice            100%       1d11      1%          1
g - Manifold Assault      Tloc           51%        N/A       32%         5

Your spell library contained the following spells:

 Spells                   Type           Power      Damage    Failure   Level
 Apportation              Tloc           100%       N/A       1%          1
 Magic Dart               Conj           100%       1d8       1%          1
 Scorch                   Fire           100%       2d10      1%          2
 Lesser Beckoning         Tloc           51%        N/A       4%          3
 Passwall                 Tmut/Erth      28%        N/A       6%          2
 Animate Skeleton         Necr           36%        N/A       11%         1
 Summon Small Mammal      Summ           72%        N/A       11%         1
 Petrify                  Tmut/Erth      34%        N/A       32%         4


Dungeon Overview and Level Annotations

Branches:
Dungeon (11/15)            Temple (1/1) D:5            Lair (0/6) D:11
  Sewer (visited)          Bailey (visited)
    Orc: D:9-12

Altars:
Ashenzari
Cheibriados
Dithmenos
Elyvilon
Fedhas
Gozag
Hepliaklqana
Kikubaaqudgha
Makhleb
Nemelex Xobeh
Okawaru
Qazlal
Ru
Sif Muna
Trog
Uskayaw
Vehumet
Wu Jian
Xom
Yredelemnul
Zin
The Shining One

Shops:
D:1 (   D:2 (   D:4 ?   D:11 (


Innate Abilities, Weirdness & Mutations

You cannot wear most types of armour.
You are amphibious.
You can wear up to eight rings at the same time.
Your skin changes colour to match your surroundings (Stealth+).
Your rubbery body absorbs attacks. (AC +1, EV +1)
((You are camouflaged near water. (Stealth+)))
You have tentacles for arms and can constrict up to eight enemies at once.
You possess an exceptional clarity of mind.
Your spells are a little harder to cast, but a little more powerful.


Message History

The foxfire hits the yak.
The yak is heavily wounded.
Unknown command.
Unknown command.
Casting: Foxfire (safe; 1% risk of failure)
Confirm with . or Enter, or press ? or * to list all spells.
You conjure some foxfire!
Unknown command.
The foxfire hits the yak.
The yak is severely wounded.
The foxfire hits the yak but does no damage.
The yak is severely wounded.
Casting: Foxfire (safe; 1% risk of failure)
Confirm with . or Enter, or press ? or * to list all spells.
Aiming: Inner Flame (safe; 1% risk of failure)
Press: ? - help, Shift-Dir - straight line, f - yak, p - yak
Aim: a yak (severely wounded, chance to affect: 96%)
The yak is filled with an inner flame.
Unknown command.
Casting: Inner Flame (safe; 1% risk of failure)
Confirm with . or Enter, or press ? or * to list all spells.
Casting: Flame Wave (dangerous; 2% risk of failure)
Press: ? - help, Dir - look around, f - activate A wave of flame ripples out!
The flame wave engulfs the yak!
Sif Muna accepts your kill.
The flame wave engulfs the yak!!
Flame seeps out of the yak.
The yak is severely wounded. (Press . to intensify the flame waves.)
The yak explodes!
The fiery explosion engulfs you!!!
Ouch! That really hurt!
The fiery explosion engulfs the yak!!
Sif Muna accepts your kill.
The fiery explosion engulfs the yak!!!
You kill the yak!
Sif Muna accepts your kill.
The yak explodes!
The fiery explosion engulfs you!!!
Ouch! That really hurt!
You die...

..............#
..............###.........
...###....................
...# #......................
...###..................>...
.......................♣....
.................♣..........
.................§§.♣...♣..P
..^.......[.....@§§Y........
................§○§.Y.....(.
##..............§§..........
##..........#####...#)....#
#.#...>..#.# #.#........
..#..>#.##.# ###########
#.#..###..#. ### # .#


You could see 2 yaks.

Vanquished Creatures
  An orc warlord (Bailey)
  A very ugly thing (D:8)
  2 hydras (D:9)
  A death knight (D:11)
  3 two-headed ogres
  Urug (D:10)
  The ghost of rayg00n the Covert, a novice KoBr of Ashenzari (D:8)
  The ghost of yegreS the Cleaver, a novice MiFi of Uskayaw (D:9)
  A phantasmal warrior (D:11)
  4 ugly things (D:8)
  Maurice (D:10)
  A kobold demonologist (D:10)
  Maggie (D:7)
  An unseen horror (D:11)
  A komodo dragon (D:11)
  5 trolls
  A meliai zombie (D:11)
  Sigmund (D:2)
  A vampire (D:11)
  A wraith (D:11)
  2 shadows
  3 yaks (D:11)
  5 wyverns
  A neqoxec (D:8)
  Menkaure (D:5)
  An acid dragon (D:9)
  4 water moccasins
  2 ice beasts
  6 orc warriors
  A black bear (shapeshifter) (D:8)
  2 black bears
  3 sky beasts
  3 necrophages
  A centaur (D:9)
  2 ogres
  A phantom (D:4)
  13 kobold brigands
  2 gnoll sergeants
  5 scorpions
  A scorpion (shapeshifter) (D:8)
  A killer bee (D:7)
  3 howler monkeys
  4 electric eels (D:11)
  3 centaur zombies
  2 bullfrog zombies
  A jelly (shapeshifter) (D:8)
  2 bullfrog skeletons
  2 hounds (D:5)
  2 orc priests
  2 centaur skeletons
  A jelly (D:7)
  4 iguanas
  Ijyb (D:3)
  Terence (D:2)
  4 orc wizards
  A killer bee zombie (D:7)
  A hound skeleton (D:4)
  A howler monkey zombie (D:6)
  7 adders
  12 gnolls
  4 river rats
  2 shadow imps (D:7)
  2 adder skeletons (D:4)
  4 worms
  A dart slug (D:3)
  31 orcs
  4 endoplasms
  3 giant cockroaches
  8 goblins
  8 jackals
  5 quokkas
  3 ball pythons
  3 bats
  A frilled lizard (D:3)
  34 kobolds
  13 rats
270 creatures vanquished.

Vanquished Creatures (others)
  A kobold brigand (D:10)
  A bush (D:11)
  1156 foxfires
  5 fungi (D:11)
  24 plants
1187 creatures vanquished.

Grand Total: 1457 creatures vanquished

Notes
Turn   | Place    | Note
-------+----------+-------------------------------------------
     0 | D:1      | Conn the Octopode Fire Elementalist began the quest for the
                  | Orb.
     0 | D:1      | Reached XP level 1. HP: 11/11 MP: 3/3
   581 | D:1      | Reached XP level 2. HP: 17/17 MP: 3/5
   653 | D:1      | You fall into a shaft and drop 1 floor!
   840 | D:1      | Found Igipp's Weapon Boutique.
   889 | D:1      | You fall into a shaft and drop 1 floor!
  1231 | D:2      | Noticed Sigmund
  1242 | D:2      | Reached XP level 3. HP: 21/21 MP: 3/6
  1246 | D:2      | Learned a level 3 spell: Conjure Flame
  1292 | D:2      | Found Qoofyow's Weapon Boutique.
  1322 | D:2      | Found a glowing silver altar of Zin.
  1347 | D:2      | Learned a level 3 spell: Inner Flame
  1366 | D:2      | Killed Sigmund
  1367 | D:2      | Reached XP level 4. HP: 18/27 MP: 1/8
  1367 | D:2      | Reached XP level 5. HP: 21/31 MP: 1/9
  1539 | D:2      | Noticed Terence
  1552 | D:2      | Killed Terence
  1553 | D:2      | Reached XP level 6. HP: 25/36 MP: 4/11
  1836 | D:2      | Learned a level 4 spell: Flame Wave
  1931 | D:3      | Found a glowing drain.
  1942 | Sewer    | Entered a sewer
  1960 | Sewer    | Reached skill level 5 in Fire Magic
  2186 | Sewer    | Found a white marble altar of Elyvilon.
  2395 | D:3      | Found a faded altar of an unknown god.
  2460 | D:3      | Learned a level 2 spell: Blink
  2552 | D:3      | Noticed Ijyb
  2560 | D:3      | Killed Ijyb
  2756 | D:3      | Found an ornate altar of the Wu Jian Council.
  3147 | D:4      | Reached XP level 7. HP: 41/41 MP: 8/13
  3276 | D:4      | Found Maedd's Magic Scroll Boutique.
  3447 | D:4      | Found a hide-covered altar of Uskayaw.
  4060 | D:4      | Reached skill level 5 in Spellcasting
  4060 | D:4      | Reached XP level 8. HP: 46/46 MP: 13/15
  4394 | D:5      | Entered Level 5 of the Dungeon
  4400 | D:5      | Noticed Menkaure
  4595 | D:5      | Reached skill level 1 in Hexes
  4619 | D:5      | Killed Menkaure
  4620 | D:5      | Found a staircase to the Ecumenical Temple.
  4631 | D:5      | Reached skill level 1 in Short Blades
  4893 | D:5      | Reached skill level 1 in Fighting
  4900 | D:5      | Reached XP level 9. HP: 53/53 MP: 16/18
  5184 | Temple   | Entered the Ecumenical Temple
  5640 | D:6      | Reached skill level 1 in Translocations
  5820 | D:6      | Identified the +7 hand axe "Baehe" {flame, rC- Will+ Dex+6
                  | Stlth+}
  5921 | D:6      | Identified the +1 leather armour of Gallantry {rCorr Str+3}
  6061 | D:7      | Reached skill level 5 in Conjurations
  6301 | D:7      | Noticed Maggie
  6337 | D:7      | Killed Maggie
  6338 | D:7      | Reached skill level 1 in Axes
  6338 | D:7      | Reached skill level 5 in Stealth
  6809 | D:8      | Found a broken altar of Ashenzari.
  7061 | D:8      | Reached XP level 10. HP: 47/59 MP: 13/20
  7467 | D:8      | Found a runed translucent gate.
  7467 | D:8      | Found a runed translucent gate.
  7467 | D:8      | Found a runed translucent gate.
  7469 | D:8      | Noticed a brown ugly thing
  7469 | D:8      | Noticed a cyan ugly thing
  7475 | D:8      | Noticed a white ugly thing
  7771 | D:8      | Noticed a cyan very ugly thing
  7889 | D:8      | Noticed a brown ugly thing
  7923 | D:8      | Killed a green ugly thing
  7929 | D:8      | Killed a brown ugly thing
  7934 | D:8      | Killed a brown ugly thing
  7948 | D:8      | Killed a brown ugly thing
  7953 | D:8      | Killed a brown very ugly thing
  7954 | D:8      | Reached skill level 1 in Evocations
  8031 | D:8      | Found a runed translucent gate.
  8031 | D:8      | Found a runed translucent gate.
  8034 | D:8      | Found a runed translucent gate.
  8041 | D:8      | Noticed rayg00n's ghost (novice KoBr)
  8058 | D:8      | Noticed a swamp dragon
  8058 | D:8      | a komodo dragon changed into a swamp dragon
  8136 | D:8      | Killed rayg00n's ghost
  8137 | D:8      | Reached XP level 11. HP: 29/66 MP: 21/23
  9059 | D:9      | Identified the +5 whip of the Crypt {vorpal, rElec rN+}
  9196 | D:9      | Noticed a two-headed ogre
  9208 | D:9      | Killed a two-headed ogre
  9349 | D:9      | Found a runed translucent gate.
  9349 | D:9      | Noticed yegreS's ghost (novice MiFi)
  9349 | D:9      | Noticed a ten-headed hydra
  9350 | D:9      | Found a runed translucent gate.
  9350 | D:9      | Found a runed translucent gate.
  9350 | D:9      | Noticed an 11-headed hydra
  9383 | D:9      | Found a snail-covered altar of Cheibriados.
  9689 | D:9      | Identified the +6 scimitar of Karma {vorpal, +Blink Dex+4}
  9726 | D:9      | Noticed a two-headed ogre
  9740 | D:9      | Killed a two-headed ogre
  9965 | D:9      | Killed yegreS's ghost
 10231 | D:9      | Killed a ten-headed hydra
 10557 | D:9      | Killed an 11-headed hydra
 10617 | D:9      | Found a shadowy altar of Dithmenos.
 10620 | D:9      | Found a white marble altar of Elyvilon.
 10655 | D:10     | Entered Level 10 of the Dungeon
 10693 | D:10     | Found a shimmering blue altar of Sif Muna.
 10698 | D:10     | Became a worshipper of Sif Muna the Loreminder
 10703 | D:10     | Got Sif Muna's Volume of Instinct
 10705 | D:10     | Got Sif Muna's Almanac of Conjuration
 10709 | D:10     | Got Sif Muna's Papyrus of the Glacier
 10732 | D:10     | Gained mutation: Your spells are a little harder to cast,
                  | but a little more powerful. [potion of mutation]
 10732 | D:10     | Gained mutation: You possess an exceptional clarity of
                  | mind. [potion of mutation]
 10806 | D:10     | Noticed a two-headed ogre
 10817 | D:10     | Killed a two-headed ogre
 10844 | D:10     | Found a flagged portal.
 10910 | D:10     | Reached skill level 10 in Fire Magic
 10945 | Bailey   | Entered a bailey
 10982 | Bailey   | Noticed an orc warlord
 11064 | Bailey   | Found a runed translucent gate.
 11065 | Bailey   | Found a runed translucent gate.
 11085 | Bailey   | Found a runed translucent gate.
 11131 | Bailey   | Reached * piety under Sif Muna
 11223 | Bailey   | Killed an orc warlord
 11224 | Bailey   | Reached skill level 10 in Spellcasting
 11224 | Bailey   | Reached XP level 12. HP: 47/72 MP: 8/26
 11360 | Bailey   | Got the Volume of Clay
 11363 | Bailey   | Reached skill level 5 in Invocations
 11363 | Bailey   | Reached XP level 13. HP: 77/77 MP: 27/27
 11374 | Bailey   | Acquired the ring "Rinotos" {rN+ Will+ SInv}
 11377 | Bailey   | Acquired a +2 kite shield of reflection
 11386 | Bailey   | Learned a level 1 spell: Freeze
 11392 | Bailey   | Learned a level 5 spell: Manifold Assault
 11510 | D:10     | Found an iron altar of Okawaru.
 11532 | D:10     | Noticed Urug
 11557 | D:10     | Killed Urug
 11665 | D:10     | Reached skill level 1 in Shields
 11970 | D:10     | Noticed Maurice
 12000 | D:10     | Killed Maurice
 12007 | D:10     | Found a shimmering altar of Xom.
 14534 | D:11     | Found Poniuq's Weapon Shoppe.
 14778 | D:11     | Found a staircase to the Lair.
 14790 | D:11     | Reached ** piety under Sif Muna
 14790 | D:11     | Killed by an exploding yak... ignited by their inner flame

Illustrated notes

Levels and vault maps discovered:
D:1:      eino_arrival_cavern_a, layout_basic, serial_shops, shop
D:2:      layout_rooms, basic_altar, serial_shops, shop, wad_orctagon,
          uniq_terence, uniq_sigmund
D:3:      layout_basic, nzn_wu_jian_contemplation,
          hellmonk_ecumenical_altar_blasted, lightli_sewer_entry_pipes,
          uniq_ijyb
D:4:      layout_layer_cave, mainiacjoe_overflow_paths, serial_shops,
          shop_statue, minmay_misc_feat_square, kennysheep_generic_room_10
D:5:      layout_rooms, minmay_temple_entry_statues,
          chequers_serial_rivers_micro_c, uniq_menkaure
D:6:      layout_rooms, serial_corexii_hall, corexii_hall_statues_x,
          corexii_hall_statues_t
D:7:      layout_basic, st_stairs_11, uniq_maggie
D:8:      layout_basic, amcnicky_altar_gilded, serial_corexii_hall,
          chequers_hall_statues_y, chequers_hall_statues_y,
          ploomutoo_gammafunk_ghost_potion_laboratory
D:9:      layout_roguey, minitemple, gammafunk_ghost_hydra_chop
D:10:     layout_small_grid, old_standard_altar,
          mainiacjoe_overflow_concentric_impassable,
          nicolae_sif_muna_little_library, special_room [special_room_kobold],
          enter_bailey_8, nrook_mini_backslash, grunt_decor_junction, uniq_urug,
          uniq_maurice
D:11:     layout_big_octagon, minmay_lair_entry_grove, serial_shops,
          shop_fountains, kennysheep_another_room, nicolae_twisting_strands,
          kennysheep_island_fort
Temple:   nicolae_temple_figure_eight

Skill      XL: |  1  2  3  4  5  6  7  8  9 10 11 12 13 |
---------------+----------------------------------------+-----
Stealth        | 3 4 5 6 |  6.0
Spellcasting   | 3 4 5 6 7 8 10 | 10.6
Conjurations   | 2 3 4 5 6 8 |  8.3
Fire Magic     | 4 5 6 8 9 10 | 10.5
Hexes          | 1 2 3 4 |  4.5
Short Blades   | 1 |  1.3
Dodging        | 3 4 |  4.9
Fighting       | 1 2 3 |  3.3
Translocations | 3 4 |  4.8
Axes           | 1 2 3 |  3.2
Evocations     | 1 2 |  2.1
Ice Magic      | 4 |  4.5
Earth Magic    | 4 |  4.5
Invocations    | 5 |  5.0
Shields        | 3 |  3.3

Action                   |  1- 3 |  4- 6 |  7- 9 | 10-12 | 13-15 || total
-------------------------+-------+-------+-------+-------+-------++-------
Melee: Unarmed           |     9 |       |       |       |       ||     9
       Tentacles         |     3 |     2 |     6 |     5 |     1 ||    17
       Constrict         |     2 |     5 |    11 |     7 |     3 ||    28
       Short sword       |       |    13 |    17 |       |       ||    30
       Dagger            |       |     1 |       |       |       ||     1
       Hand axe          |       |       |    20 |    23 |     4 ||    47
       Whip              |       |       |       |       |     3 ||     3
 Cast: Foxfire           |    43 |    71 |   189 |   250 |   136 ||   689
       Inner Flame       |     1 |     2 |    11 |    26 |    34 ||    74
       Flame Wave        |       |       |     4 |     3 |     2 ||     9
       Conjure Flame     |       |       |       |     6 |       ||     6
       Blink             |       |       |       |    14 |     5 ||    19
Evoke: Wand              |       |       |     3 |     8 |     2 ||    13
  Use: Scroll            |       |       |       |     8 |     6 ||    14
       Potion            |       |       |       |     5 |       ||     5
 Stab: Sleeping          |       |     1 |     4 |       |       ||     5
Armor: Skin              |     2 |       |     4 |     2 |     9 ||    17
Dodge: Dodged            |     8 |    12 |    67 |    66 |    44 ||   197
Block: Kite shield       |       |       |       |       |    37 ||    37
       Reflection        |       |       |       |       |     3 ||     3

Table legend: (Time is in decaauts)
 A = Elapsed time spent in this place.
 B = Non-inter-level travel time spent in this place.
 C = Inter-level travel time spent in this place.
 D = Time resting spent in this place.
 E = Time spent auto-exploring this place.
 F = Levels seen in this place.
 G = Mean time per level.
                   A        B        C        D        E       F      G
               +--------+--------+--------+--------+--------+-----+--------+
         Total |  14789 |  14540 |    249 |   2945 |   7367 |  14 | 1056.4 |
       Dungeon |  13745 |  13514 |    231 |   2719 |   7037 |  11 | 1249.5 |
        Temple |    216 |    199 |     17 |      0 |    190 |   1 |  216.0 |
         Sewer |    291 |    291 |      0 |    115 |     73 |   1 |  291.0 |
        Bailey |    536 |    536 |      0 |    111 |     67 |   1 |  536.0 |
               +--------+--------+--------+--------+--------+-----+--------+

Top non-repeatable levels by time:
    D:10: 2246 daAuts
     D:9: 1996 daAuts
     D:8: 1845 daAuts
     D:4: 1465 daAuts
    D:11: 1358 daAuts
     D:1: 1027 daAuts
     D:3: 953 daAuts
     D:2: 821 daAuts
     D:7: 759 daAuts
     D:5: 711 daAuts
     D:6: 560 daAuts
  Bailey: 536 daAuts
   Sewer: 291 daAuts
  Temple: 216 daAuts
